 Dungeon Crawl Stone Soup version 0.30-a0-134-gb40fab5c76 (webtiles) character file.

Game seed: 13609284377417296869

137 Essalna the Gusty (level 5, 0/26 (29) HPs)
             Began as a Tengu Air Elementalist on Sept 20, 2022.
             Slain by Terence
             ... wielding the +7 Throatcutter {drain, coup de grace}
              (1 damage)
             ... on level 3 of the Dungeon.
             The game lasted 00:03:48 (2771 turns).

Essalna the Gusty (Tengu Air Elementalist)          Turns: 2771, Time: 00:03:49

HP:   0/26 (29)     AC:  2    Str:  9    XL:     5   Next: 20%
MP:   9/9           EV: 14    Int: 17    God:
Gold: 131           SH:  0    Dex: 14    Spells: 5/8 levels left

rFire   . . .      SeeInvis .    c - +0 dagger
rCold   . . .      Faith    .    (no shield)
rNeg    . . .      Spirit   .    a - +0 robe
rPois   .          Reflect  .    (helmet restricted)
rElec   .          Harm     .    (no cloak)
rCorr   .          Rampage  .    (no gloves)
Will    .....                    (boots unavailable)
Stlth   ++........               g - amulet of regeneration
HPRegen 0.88/turn                (no ring)
MPRegen 0.11/turn                (no ring)

@: flying quickly and evasively, very slightly contaminated, heavily drained,
quick
A: beak, talons 3, nimble flight
a: no special abilities


You were on level 3 of the Dungeon.
You visited 1 branch of the dungeon, and saw 3 of its levels.

You collected 131 gold pieces.

Inventory:

Hand Weapons
 c - a +0 dagger (weapon)
Missiles
 k - a throwing net
Armour
 a - a +0 robe (worn)
Jewellery
 e - an amulet of guardian spirit
 g - an amulet of regeneration (around neck)
Scrolls
 d - a scroll of fear {unknown}
 h - 3 scrolls of identify {unknown}
 l - a scroll of vulnerability {unknown}
 n - a scroll of teleportation {unknown}
 o - a scroll of magic mapping {unknown}
 p - 2 scrolls of enchant armour {unknown}
 q - a scroll of poison {unknown}
 s - a scroll of amnesia {unknown}
Potions
 f - a potion of cancellation {unknown}
 i - a potion of flight {unknown}
 j - a potion of attraction {unknown}
 m - a potion of brilliance {unknown}
 r - a potion of might {unknown}


   Skills:
 + Level 1.0 Fighting
 - Level 2.1 Dodging
 - Level 2.0 Stealth
 - Level 2.0 Spellcasting
 + Level 4.4 Conjurations
 + Level 5.9 Air Magic


You had 5 spell levels left.
You knew the following spells:

 Your Spells              Type           Power      Damage    Failure   Level
a - Shock                 Conj/Air       76%        1d7       2%          1
b - Static Discharge      Conj/Air       38%        2-4/arc   3%          2

Your spell library contained the following spells:

 Spells                   Type           Power      Damage    Failure   Level
 Swiftness                Air            21%        N/A       4%          3
 Airstrike                Air            10%        2d(2-18)  17%         4
 Kindle Blastsparks       Fire/Tloc/Air  16%        2d11      26%         3
 Fulminant Prism          Conj/Hex       4%         3d6       61%         4
 Iskenderun's Mystic Bla  Conj/Tloc      9%         2d4       61%         4
 Lee's Rapid Deconstruct  Erth           0%         3d5*      99%         5


Dungeon Overview and Level Annotations

Branches:
Dungeon (3/15)

Altars:

Annotations:
D:2 1 runed translucent door, Crazy Yiuf
D:3 Terence


Innate Abilities, Weirdness & Mutations

You have a beak for a mouth.
You have claws for feet.
Your magical nature lets you fly swiftly and evasively.


Message History

The zap hits the kobold.
You kill the kobold!
Terence the Incautious comes into view.
He is wielding the +7 Throatcutter {drain, coup de grace}.
The zap hits the bat.
You kill the bat!
Terence shouts!
The zap hits the fungus!
The fungus begins to die.
The fungus is lightly damaged.
The zap hits Terence!
Terence is moderately wounded.
The zap hits the fungus!
The fungus begins to die.
The fungus is lightly damaged.
The zap hits Terence.
Terence is heavily wounded.
A frilled lizard comes into view.
The zap hits Terence but does no damage.
Terence is heavily wounded.
The zap hits Terence.
Terence is heavily wounded.
The zap hits the fungus.
The fungus is lightly damaged.
A nearby fungus withers and dies.
You miscast Shock.
You are very lightly contaminated with residual magic.
Nothing appears to happen.
A nearby fungus withers and dies.
The zap hits Terence.
Terence is severely wounded.
Terence hits you with the +7 Throatcutter {drain, coup de grace}!!
Ouch! That really hurt!
You feel drained.
* * * LOW HITPOINT WARNING * * *
You are too injured to fight recklessly!
Okay, then.
Unknown command.
Unknown command.
Magic courses through your body.
Terence hits you with the +7 Throatcutter {drain, coup de grace}.
* * * LOW HITPOINT WARNING * * *
You feel drained.
You die...

.# .# #. .# .###.# ~ .#
.......## .. ## .# .
..[....## ).. .##.# #
.♣...P... ....
#.#.#.#....♣♣P..# ...#
##..#.#.PP♣_.♣P.##~...#.
#........♣....@@'..†.).
##..#......♣.....#~...#.
#..>............## ...#
.#.)...........## ....
.#.##......###.# ...
.#.# .....####.# ..
.#.###.........# ~
.#.#.....#####.# ###
...............## #.#


You could see Terence.

Vanquished Creatures
  5 gnolls (D:2)
  4 adders (D:2)
  2 dart slugs
  An orc (D:3)
  7 bats
  6 endoplasms
  A giant cockroach (D:1)
  2 hobgoblins
  2 jackals (D:2)
  8 kobolds
  2 quokkas (D:2)
  4 ball pythons (D:2)
  3 frilled lizards
  6 rats
53 creatures vanquished.

Vanquished Creatures (others)
  4 fungi (D:3)
  5 plants (D:3)
9 creatures vanquished.

Grand Total: 62 creatures vanquished

Notes
Turn   | Place    | Note
-------+----------+-------------------------------------------
     0 | D:1      | Essalna the Tengu Air Elementalist began the quest for the
                  | Orb.
     0 | D:1      | Reached XP level 1. HP: 10/10 MP: 4/4
   357 | D:1      | Reached XP level 2. HP: 15/15 MP: 3/6
  1248 | D:2      | Reached XP level 3. HP: 15/19 MP: 0/7
  1346 | D:2      | Found a runed translucent door.
  1347 | D:2      | Noticed Crazy Yiuf
  1358 | D:2      | Learned a level 2 spell: Static Discharge
  1426 | D:2      | Reached skill level 5 in Air Magic
  1720 | D:2      | Reached XP level 4. HP: 24/24 MP: 3/8
  2051 | D:2      | HP: 1/24 [gnoll/+0 halberd (8)]
  2053 | D:2      | Gained mutation: Your magical nature lets you fly swiftly
                  | and evasively. [Tengu growth]
  2053 | D:2      | Reached XP level 5. HP: 2/28 MP: 2/9
  2500 | D:2      | Reached skill level 1 in Fighting
  2753 | D:3      | Found a faded altar of an unknown god.
  2763 | D:3      | Noticed Terence
  2771 | D:3      | HP: 1/27 [Terence/the +7 Throatcutter {drain, coup de
                  | grace} (5)]
  2771 | D:3      | Slain by Terence

Illustrated notes

Levels and vault maps discovered:
D:1:      dpeg_arrival_yet_another_circle, layout_basic, minmay_pentomino_q4
D:2:      layout_loops_ring, cheibrodos_gnoll_hut, uniq_crazy_yiuf_cottage
D:3:      layout_loops_ring, dreamdust_ecumenical_altar_grove,
          kennysheep_generic_room_2, uniq_sigmund, uniq_terence

Skill      XL: |  1  2  3  4  5 |
---------------+----------------+-----
Conjurations   | 2 3 4 |  4.4
Air Magic      | 5 |  5.9
Fighting       | 1 |  1.0
Dodging        | |  2.1
Stealth        | |  2.0
Spellcasting   | |  2.0

Action                   |  1- 3 |  4- 6 || total
-------------------------+-------+-------++-------
Melee: Dagger            |     7 |     3 ||    10
       Kick              |     2 |     1 ||     3
       Peck              |     1 |     1 ||     2
 Cast: Shock             |    61 |    53 ||   114
       Static Discharge  |       |     1 ||     1
  Use: Potion            |       |     1 ||     1
Armor: Robe              |     3 |       ||     3
Dodge: Dodged            |    11 |     7 ||    18

Table legend: (Time is in decaauts)
 A = Elapsed time spent in this place.
 B = Non-inter-level travel time spent in this place.
 C = Inter-level travel time spent in this place.
 D = Time resting spent in this place.
 E = Time spent auto-exploring this place.
 F = Levels seen in this place.
 G = Mean time per level.
                   A        B        C        D        E       F      G
               +--------+--------+--------+--------+--------+-----+--------+
         Total |   2722 |   2692 |     30 |      0 |   2450 |   3 |  907.3 |
       Dungeon |   2722 |   2692 |     30 |      0 |   2450 |   3 |  907.3 |
               +--------+--------+--------+--------+--------+-----+--------+

Top non-repeatable levels by time:
     D:2: 1417 daAuts
     D:1: 1189 daAuts
     D:3: 115 daAuts
